 Dungeon Crawl Stone Soup version 0.28-a0-983-g1de4e0787c (webtiles) character file.

Game seed: 16327769822440231808

6854 vineage the Basher (level 11, -4/74 HPs)
             Began as a Gargoyle Fighter on Dec 2, 2021.
             Was a Priest of Okawaru.
             Slain by a slime creature (13 damage)
             ... on level 10 of the Dungeon.
             The game lasted 00:09:03 (9317 turns).

vineage the Basher (Gargoyle Fighter)               Turns: 9317, Time: 00:09:04

Health: -4/74      AC: 23    Str: 31    XL:     11   Next: 6%
Magic:  11/11      EV:  6    Int: 12    God:    Okawaru [***...]
Gold:   1243       SH: 14    Dex: 13    Spells: 10/10 levels left

rFire   . . .      SeeInvis .   i - +9 flail of Yjoanuph {spect, Fragile rC+ Str+4 Int+4}
rCold   + . .      Faith    .   K - +0 tower shield
rNeg    + . .      Spirit   .   b - +0 scale mail
rPois   ∞          Reflect  .   z - +0 helmet
rElec   +          Harm     .   t - +1 cloak
rCorr   .          Rampage  .   (no gloves)
Will    .....                   (no boots)
Stlth   +.........              (no amulet)
HPRegen 0.22/turn               k - +6 ring of strength
MPRegen 0.12/turn               w - +4 ring of protection

@: no status effects
A: sickness immunity, AC +8, negative energy resistance 1, electricity
resistance, torment resistance 1, petrification resistance
a: Renounce Religion, Heroism


You were on level 10 of the Dungeon.
You worshipped Okawaru.
Okawaru was most pleased with you.
You visited 2 branches of the dungeon, and saw 11 of its levels.
You also visited: Ossuary.

You collected 1523 gold pieces.
You spent 280 gold pieces at shops.

Inventory:

Hand Weapons
 a - a +0 spectral flail
 i - the +9 flail of Yjoanuph (weapon) {spect, Fragile rC+ Str+4 Int+4}
   (You bought it in a shop on level 2 of the Dungeon)

   When its wielder attacks, the weapon's spirit leaps out and strikes again.
   The spirit shares a part of any damage it takes with its wielder.
   Str:       It affects your strength (+4).
   Int:       It affects your intelligence (+4).
   rC:        It protects you from cold.
   Fragile:   It will be destroyed if unequipped.
Missiles
 q - 4 throwing nets (quivered)
Armour
 b - a +0 scale mail (worn)
 t - a +1 cloak (worn)
 z - a +0 helmet (worn)
 K - a +0 tower shield (worn)
Jewellery
 k - a +6 ring of strength (left hand)
 w - a +4 ring of protection (right hand)
 y - a ring of protection from fire
 G - an amulet of magic regeneration
Wands
 m - a wand of flame (30)
 x - a wand of mindburst (3)
 J - a wand of acid (3)
Scrolls
 c - a scroll of identify
 j - 2 scrolls of summoning
 n - a scroll of enchant armour
 s - 4 scrolls of teleportation
 E - 2 scrolls of amnesia
 F - a scroll of blinking
 H - 2 scrolls of fog
 I - a scroll of brand weapon
Potions
 d - 3 potions of might
 e - 4 potions of degeneration
 f - 8 potions of curing
 g - 3 potions of flight
 h - 2 potions of lignification {unknown}
 l - 2 potions of brilliance
 o - a potion of magic {unknown}
 p - 4 potions of heal wounds
 r - a potion of ambrosia {unknown}
 u - 3 potions of attraction
 v - 2 potions of haste
 A - a potion of resistance
 B - 3 potions of cancellation
 C - a potion of mutation
 D - a potion of berserk rage {unknown}


   Skills:
 + Level 11.0 Fighting
 - Level 11.4 Maces & Flails
 + Level 6.0 Armour
 - Level 1.0 Dodging
 - Level 4.1 Stealth
 + Level 5.9 Shields


You had 10 spell levels left.
You didn't know any spells.
Your spell library contained the following spells:

 Spells                   Type           Power      Damage    Failure   Level
 Static Discharge         Conj/Air       0%         N/A       100%        2
 Wereblood                Tmut           0%         N/A       100%        2
 Dazzling Flash           Conj/Hex       0%         N/A       100%        3
 Gell's Gravitas          Tloc           0%         N/A       100%        3
 Lesser Beckoning         Tloc           0%         N/A       100%        3
 Teleport Other           Tloc           0%         N/A       100%        3
 Agony                    Necr           0%         N/A       100%        5
 Lightning Bolt           Conj/Air       0%         1d11      100%        5
 Silence                  Hex/Air        0%         N/A       100%        5
 Maxwell's Capacitive Co  Air            0%         ∞         100%        8
 Sublimation of Blood     Necr           Unusable   N/A       N/A         2
 Summon Hydra             Summ           Unusable   N/A       N/A         7

Dungeon Overview and Level Annotations

Branches:
Dungeon (10/15)            Temple (1/1) D:6             Orc (0/2) D:9
Ossuary (visited)
   Lair: D:8-11

Altars:
Dithmenos
Elyvilon
Gozag
Hepliaklqana
Kikubaaqudgha
Makhleb
Nemelex Xobeh
Okawaru
Qazlal
Ru
Sif Muna
Trog
Uskayaw
Vehumet
Xom
Yredelemnul
Zin
The Shining One

Shops:
D:2 (


Innate Abilities, Weirdness & Mutations

You are immune to sickness and miasma.
Your stone body is resilient. (AC +8)
You are immune to poison.
You resist negative energy. (rN+)
You are resistant to electric shocks. (rElec)
You are resistant to unholy torment.
You are immune to petrification.


Message History

You hit the troll.
The troll is lightly wounded.
Your +9 flail of Yjoanuph {spect, Fragile rC+ Str+4 Int+4} hits the troll!!
You block the troll's attack. The troll claws you!
You block the troll's attack.
Something hits your +9 flail of Yjoanuph {spect, Fragile rC+ Str+4 Int+4} but does no damage.
Something bites your +9 flail of Yjoanuph {spect, Fragile rC+ Str+4 Int+4}!
Your spectral weapon shares its damage with you!
The troll bites you but does no damage.
The troll claws you but does no damage. x2
You bludgeon the troll!!
You kill the troll!
Okawaru accepts your kill.
The troll leather armour is intact enough to wear.
The slime creature hits you but does no damage.
Something hits you but does no damage. Something bites you but does no damage.
Your Fighting skill increases to level 11!
Your Armour skill increases to level 6!
Found a potion of haste and 10 gold pieces.
You block the slime creature's attack. Something hits you but does no damage.
Something bites you.
Things that are here:
a +0 troll leather armour; a troll corpse You hit the slime creature.
The slime creature is lightly wounded.
Your +9 flail of Yjoanuph {spect, Fragile rC+ Str+4 Int+4} hits the slime creature!
The slime creature hits you. You block something's attack. x2
You sock the slime creature!
The slime creature is heavily wounded.
Your +9 flail of Yjoanuph {spect, Fragile rC+ Str+4 Int+4} hits the slime creature!
The slime creature barely misses you. Something hits you but does no damage.
Something bites you.
* * * LOW HITPOINT WARNING * * *
The slime creature hits you!
* * * LOW HITPOINT WARNING * * *
You bludgeon the slime creature!!
The slime creature is almost dead.
Your +9 flail of Yjoanuph {spect, Fragile rC+ Str+4 Int+4} barely misses the slime creature.
Something hits you but does no damage. Something bites you but does no damage.
The slime creature hits you!
You die...

≈≈≈...(... ....
..8.......♣♣...♣
#............⌠.⌠.
#.........$..._
.............⌠
............♣ !♣
..........J.♣...♣.
.........(@.......
.........#.....$..
.......<###....###
.......## #...#
....... ...#
....... ...#
....... ....
....... $...
.......


You could see a slime creature and a friendly +9 flail of Yjoanuph {spect,
Fragile rC+ Str+4 Int+4} (summoned).

Vanquished Creatures
  Pikel (D:5)
  A cyclops (D:9)
  A komodo dragon (D:10)
  A troll (D:10)
  3 wyverns
  4 yaks (D:9)
  A steam dragon (D:9)
  3 vampire mosquitoes (D:6)
  An acid dragon (D:9)
  2 water moccasins (D:5)
  2 ice beasts
  5 orc warriors
  2 black bears (D:4)
  2 necrophages
  A sky beast (D:3)
  3 ogres
  A centaur (D:8)
  3 lemures (D:5)
  3 bullfrogs
  A wyvern skeleton (D:6)
  A wyvern zombie (D:6)
  5 wights (D:7)
  A howler monkey (D:6)
  3 centaur zombies
  A bullfrog zombie (D:7)
  3 jellies
  A bullfrog skeleton (D:5)
  2 centaur skeletons
  5 orc priests
  Crazy Yiuf (D:3)
  A gnoll shaman (D:8)
  5 hounds
  3 iguanas
  Jessica (D:2)
  9 orc wizards
  Natasha (thrice) (D:3)
  Terence (D:3)
  A hound zombie (D:5)
  8 mummies (Ossuary)
  A hound skeleton (D:2)
  A howler monkey zombie (D:6)
  Robin (D:2)
  13 gnolls
  9 adders
  11 river rats (D:5)
  2 shadow imps
  3 white imps
  An ufetubus (D:6)
  A worm (D:2)
  A dart slug (D:2)
  28 orcs
  5 endoplasms
  A giant cockroach (D:3)
  16 goblins
  6 hobgoblins
  A jackal (D:2)
  9 quokkas
  4 ball pythons
  13 frilled lizards
  4 gnoll zombies (Ossuary)
  2 hobgoblin zombies (Ossuary)
  8 kobolds
  2 kobold zombies (Ossuary)
  21 rats
260 creatures vanquished.

Vanquished Creatures (others)
  6 plants (D:4)
6 creatures vanquished.

Grand Total: 266 creatures vanquished

Notes
Turn   | Place    | Note
-------+----------+-------------------------------------------
     0 | D:1      | vineage the Gargoyle Fighter began the quest for the Orb.
     0 | D:1      | Reached XP level 1. HP: 14/14 MP: 1/1
   347 | D:1      | Reached XP level 2. HP: 18/20 MP: 2/2
   571 | D:1      | Found a faded altar of an unknown god.
   839 | D:2      | Identified a scroll of acquirement
   839 | D:2      | Acquired 810 gold pieces
   844 | D:2      | Found Egesannoc's Antique Weapon Shoppe.
   957 | D:2      | Reached XP level 3. HP: 17/24 MP: 3/3
  1024 | D:2      | Noticed Robin
  1031 | D:2      | Killed Robin
  1032 | D:2      | Reached skill level 1 in Dodging
  1102 | D:2      | Reached XP level 4. HP: 15/30 MP: 4/4
  1113 | D:2      | Reached skill level 5 in Fighting
  1435 | D:2      | Noticed Jessica
  1534 | D:2      | Bought a translucent flail for 280 gold pieces
  1534 | D:2      | Identified the +9 flail of Yjoanuph {spect, Fragile rC+
                  | Str+4 Int+4} (You bought it in a shop on level 2 of the
                  | Dungeon)
  1639 | D:2      | Killed Jessica
  2194 | D:3      | Noticed Terence
  2197 | D:3      | Killed Terence
  2198 | D:3      | Reached XP level 5. HP: 27/35 MP: 5/5
  2330 | D:3      | Noticed Natasha
  2334 | D:3      | Killed Natasha
  2410 | D:3      | Noticed Natasha
  2413 | D:3      | Killed Natasha
  2419 | D:3      | Noticed Natasha
  2423 | D:3      | Killed Natasha
  2424 | D:3      | Reached skill level 1 in Stealth
  2551 | D:3      | Noticed a sky beast
  2556 | D:3      | Killed a sky beast
  2557 | D:3      | Reached XP level 6. HP: 41/41 MP: 6/6
  2844 | D:3      | Found a shadowy altar of Dithmenos.
  2884 | D:3      | Found a runed translucent door.
  2885 | D:3      | Noticed Crazy Yiuf
  3257 | D:3      | Killed Crazy Yiuf
  3491 | D:4      | Noticed a black bear
  3492 | D:4      | Found a bloodstained altar of Trog.
  3492 | D:4      | Noticed a black bear
  3502 | D:4      | Killed a black bear
  3503 | D:4      | Reached XP level 7. HP: 43/47 MP: 7/7
  3510 | D:4      | Reached skill level 5 in Maces & Flails
  3988 | D:5      | Entered Level 5 of the Dungeon
  4137 | D:5      | Reached XP level 8. HP: 53/53 MP: 8/8
  4754 | D:5      | Noticed Pikel
  4765 | D:5      | Killed Pikel
  4944 | D:5      | Reached XP level 9. HP: 59/59 MP: 9/9
  5716 | D:6      | Found a sand-covered staircase.
  5768 | Ossuary  | Entered an ossuary
  5802 | Ossuary  | Reached skill level 10 in Maces & Flails
  6183 | D:6      | Found a staircase to the Ecumenical Temple.
  6307 | Temple   | Entered the Ecumenical Temple
  6320 | Temple   | Became a worshipper of Warmaster Okawaru
  6669 | D:7      | Reached XP level 10. HP: 54/66 MP: 10/10
  7129 | D:7      | Reached * piety under Okawaru
  7288 | D:7      | Found a shimmering altar of Xom.
  8092 | D:9      | Reached skill level 10 in Fighting
  8092 | D:9      | Found a white marble altar of Elyvilon.
  8242 | D:9      | Found a staircase to the Orcish Mines.
  8321 | D:9      | Reached ** piety under Okawaru
  8732 | D:9      | Found a glowing golden altar of the Shining One.
  8796 | D:9      | Reached skill level 5 in Armour
  8801 | D:9      | Reached skill level 5 in Shields
  8983 | D:9      | Noticed a cyclops
  8995 | D:9      | Killed a cyclops
  9305 | D:10     | Entered Level 10 of the Dungeon
  9305 | D:10     | Found a shimmering blue altar of Sif Muna.
  9311 | D:10     | Reached *** piety under Okawaru
  9312 | D:10     | Reached XP level 11. HP: 40/73 MP: 11/11
  9317 | D:10     | Slain by a slime creature

Illustrated notes

Levels and vault maps discovered:
D:1:      shiori_arrival_elements, layout_loops_ring,
          ebering_ecumenical_altar_rust
D:2:      cheibrodos_helix_gallery, layout_basic, serial_shops,
          nicolae_shop_temple_entry_statues_fountains, uniq_robin, uniq_jessica
D:3:      layout_basic, grunt_dithmenos_smoke_and_mirrors,
          uniq_crazy_yiuf_cottage, uniq_terence, uniq_natasha
D:4:      layout_rooms, trog_ov_bears_minmay, minmay_lizard_king
D:5:      lemuel_ratsnest, layout_basic, minmay_quadrilaterals, uniq_pikel
D:6:      nicolae_BIG_FREAKIN_CUBE, layout_loops_ring,
          minmay_temple_entry_glassed_door, lightli_ossuary_entry_decrepit_ruins
D:7:      layout_loops_ring, kennysheep_mini_moat
D:8:      layout_loops_ring
D:9:      layout_loops_ring, mainiacjoe_overflow_24_doors, elyvilon_altar_4,
          orc_0_dummy
D:10:     layout_big_octagon, cheibrodos_worm_habitat,
          erik_lair_orcish_takeover, serial_park, serial_park_tiny_2,
          serial_park_avenue1, serial_park_square3
          [serial_park_minivault_5x5_4], serial_park_tiny_pond, minivault_8,
          uniq_urug
Temple:   lightli_temple_of_artemis

Skill      XL: |  1  2  3  4  5  6  7  8  9 10 11 |
---------------+----------------------------------+-----
Fighting       | 4 5 6 7 8 9 10 11 | 11.0
Dodging        | 1 |  1.0
Maces & Flails | 3 4 6 8 10 11 | 11.4
Stealth        | 1 2 3 4 |  4.1
Armour         | 5 6 |  6.0
Shields        | 5 |  5.9

Action                   |  1- 3 |  4- 6 |  7- 9 | 10-12 || total
-------------------------+-------+-------+-------+-------++-------
Melee: Flail             |    91 |    73 |   231 |   150 ||   545
  Use: Scroll            |     4 |     8 |     5 |     6 ||    23
 Stab: Distracted        |       |       |     3 |     1 ||     4
       Sleeping          |       |       |       |     2 ||     2
Armor: Scale mail        |    58 |    27 |    58 |    79 ||   222
Dodge: Dodged            |    54 |    24 |    73 |    41 ||   192
Block: Buckler           |    24 |    12 |    41 |    29 ||   106
       Tower shield      |       |       |       |    34 ||    34

Table legend: (Time is in decaauts)
 A = Elapsed time spent in this place.
 B = Non-inter-level travel time spent in this place.
 C = Inter-level travel time spent in this place.
 D = Time resting spent in this place.
 E = Time spent auto-exploring this place.
 F = Levels seen in this place.
 G = Mean time per level.
                   A        B        C        D        E       F      G
               +--------+--------+--------+--------+--------+-----+--------+
         Total |   9365 |   8951 |    414 |      0 |   7547 |  12 |  780.4 |
       Dungeon |   9119 |   8716 |    403 |      0 |   7414 |  10 |  911.9 |
        Temple |     24 |     14 |     10 |      0 |      0 |   1 |   24.0 |
       Ossuary |    220 |    220 |      0 |      0 |    133 |   1 |  220.0 |
               +--------+--------+--------+--------+--------+-----+--------+

Top non-repeatable levels by time:
     D:3: 1414 daAuts
     D:5: 1314 daAuts
     D:9: 1231 daAuts
     D:2: 1205 daAuts
     D:6: 1058 daAuts
     D:1: 845 daAuts
     D:7: 773 daAuts
     D:8: 687 daAuts
     D:4: 576 daAuts
 Ossuary: 220 daAuts
  Temple: 24 daAuts
    D:10: 13 daAuts
